 Dungeon Sprint DCSS version 0.30.1-9-gdf580d7c3d (webtiles) character file.

Game seed: 8314257800629075791

2636 Heoruswealwe the Phalangite (level 9, 0/70 HPs)
             Began as a Minotaur Fighter on Sept 27, 2023.
             Was an Initiate of Gozag.
             Slain by a manticore (17 damage)
             ... in the Dungeon (Sprint IX: "|||||||||||||||||||||||||||||").
             The game lasted 00:04:22 (369 turns).

Heoruswealwe the Phalangite (Minotaur Fighter)       Turns: 369, Time: 00:04:22

Health: 0/70       AC: 14    Str: 25    XL:     9   Next: 35%
Magic:  8/8        EV:  7    Int:  5    God:    Gozag
Gold:   729        SH:  0    Dex: 10    Spells: 8/8 levels left

rFire   . . .        b - +2 halberd (venom)
rCold   . . .        (shield currently unavailable)
rNeg    . . .        c - +0 plate armour
rPois   .            (helmet restricted)
rElec   .            (no cloak)
rCorr   .            f - +0 pair of gloves
SInv    .            (no boots)
Will    .....        (no amulet) Stlth
                     k - +2 ring of protection
HPRegen 0.31/turn    (no ring)
MPRegen 0.11/turn

%: no teleportation
@: gold aura
A: horns 2, retaliatory headbutt
a: Renounce Religion, Potion Petition, Call Merchant, Bribe Branch


You were in the Dungeon.
You worshipped Gozag.
Gozag was pleased with you.
You visited 1 branch You collected 729 gold pieces.

Inventory:

Hand Weapons
 a - a +0 trident
 b - a +2 halberd of venom (weapon)
Armour
 c - a +0 plate armour (worn)
 d - a +0 buckler
 f - a +0 pair of gloves (worn)
Jewellery
 k - a +2 ring of protection (left hand)
Wands
 h - a wand of quicksilver (10)
Scrolls
 j - 2 scrolls of blinking
Potions
 e - 4 potions of curing
 g - a potion of haste
 i - a potion of berserk rage
 m - a potion of might


   Skills:
 - Level 3.6 Fighting
 + Level 24.3 Polearms
 - Level 3.6 Armour
 - Level 3.6 Shields


You had 8 spell levels left.
You didn't know any spells.
Your spell library was empty.

Dungeon Overview and Level Annotations

Branches:
Dungeon (1/1)

Altars:
Cheibriados
Dithmenos
Elyvilon
Fedhas
Gozag
Hepliaklqana
Kikubaaqudgha
Makhleb
Nemelex Xobeh
Okawaru
Qazlal
Ru
Sif Muna
Trog
Uskayaw
Vehumet
Wu Jian
Xom
Yredelemnul
Zin
The Shining One
Jiyva
Lugonu


Innate Abilities, Weirdness & Mutations

You have a pair of horns on your head.
You reflexively headbutt those who attack you in melee.


Message History

Press: ? - help, Dir - move target, f/p - wraith
Aim: a wraith (about 34% to evade your +2 halberd of venom)
You reach to attack!
You hit the wraith.
The wraith is lightly damaged.
The wraith is distracted by your dazzling golden aura.
Reach: b) +2 halberd (venom)
Press: ? - help, Dir - move target, f/p - wraith
Aim: a wraith (lightly damaged, unaware, hasn't noticed you, about 34% to evade your +2 halberd of venom)
You reach to attack!
You strike the helpless wraith from behind!
You hit the wraith.
The wraith is no longer distracted by gold.
The wraith is lightly damaged.
You impale the wraith!!
The wraith is severely damaged.
You closely miss the wraith.
The wraith is severely damaged.
The manticore is no longer distracted by gold.
The wraith is distracted by your dazzling golden aura.
You impale the wraith!!
You destroy the wraith!
The cyclops throws a large rock.
The large rock hits you!
The cyclops throws a large rock.
The large rock hits you!!
* * * LOW HITPOINT WARNING * * *
There is an open door, spattered with blood here.
Things that are here:
225 gold pieces; a +0 hand axe You hit the cyclops.
The cyclops is lightly wounded.
The cyclops hits you.
* * * LOW HITPOINT WARNING * * *
You slice the cyclops!!
The cyclops looks as sick as possible!
You headbutt the cyclops, but do no damage.
The cyclops is heavily wounded.
You slash the cyclops!
You kill the cyclops!
Your Polearms skill increases to level 24!
You feel better. The manticore bites you!
You die...
Your body crumbles into a pile of gold. $$$ $ $ $ $$$$$ $ ▓▓▓▓▓▓▓▓▓▓▓▓▓▓▓▓▓▓▓▓▓▓▓ ?).[[.=.)......$@H....+ ▓▓▓▓▓▓▓▓▓▓▓▓▓▓▓▓▓▓▓▓▓▓▓

You could see a manticore.

Vanquished Creatures
  A two-headed ogre (D)
  A skeletal warrior (D)
  A cyclops (D)
  2 trolls (D)
  A shadow (D)
  A wraith (D)
  A steam dragon (D)
  2 phantoms (D)
  A scorpion (D)
  A howler monkey (D)
  A hound (D)
  An orc wizard (D)
  An adder (D)
  An endoplasm (D)
  A kobold (D)
  A quokka (D)
  A ball python (shapeshifter) (D)
  A ball python (D)
  A frilled lizard (D)
21 creatures vanquished.

Notes
Turn   | Place    | Note
-------+----------+-------------------------------------------
     0 | D        | Heoruswealwe the Minotaur Fighter began the quest for the
                  | Orb.
     0 | D        | Reached XP level 1. HP: 19/19 MP: 0/0
     7 | D        | Reached skill level 3 in Polearms
    15 | D        | Reached skill level 4 in Polearms
    68 | D        | Noticed a phantom
    68 | D        | Noticed a hound
    68 | D        | Noticed a scorpion
    68 | D        | Noticed a phantom
    71 | D        | Killed a phantom
    72 | D        | Reached skill level 10 in Polearms
    72 | D        | Reached XP level 2. HP: 16/26 MP: 1/1
    72 | D        | Reached XP level 3. HP: 19/31 MP: 2/2
    72 | D        | Reached XP level 4. HP: 24/39 MP: 3/3
    74 | D        | Reached skill level 11 in Polearms
    80 | D        | Killed a scorpion
    81 | D        | Reached skill level 13 in Polearms
    81 | D        | Reached XP level 5. HP: 28/45 MP: 4/4
    91 | D        | Killed a phantom
    92 | D        | Reached skill level 14 in Polearms
    98 | D        | Found a snail-covered altar of Cheibriados.
    98 | D        | Found a shadowy altar of Dithmenos.
    98 | D        | Found a white marble altar of Elyvilon.
    98 | D        | Found a blossoming altar of Fedhas.
    98 | D        | Found an opulent altar of Gozag.
    99 | D        | Found a hazy altar of Hepliaklqana.
   100 | D        | Found a viscous altar of Jiyva.
   101 | D        | Found an ancient bone altar of Kikubaaqudgha.
   102 | D        | Found a corrupted altar of Lugonu.
   103 | D        | Found a burning altar of Makhleb.
   104 | D        | Found a sparkling altar of Nemelex Xobeh.
   105 | D        | Found an iron altar of Okawaru.
   106 | D        | Became a worshipper of Gozag Ym Sagoz the Greedy
   107 | D        | Found a stormy altar of Qazlal.
   108 | D        | Found a sacrificial altar of Ru.
   109 | D        | Found a shimmering blue altar of Sif Muna.
   110 | D        | Found a bloodstained altar of Trog.
   111 | D        | Found a hide-covered altar of Uskayaw.
   112 | D        | Found a radiant altar of Vehumet.
   113 | D        | Found an ornate altar of the Wu Jian Council.
   114 | D        | Found a shimmering altar of Xom.
   115 | D        | Found a basalt altar of Yredelemnul.
   116 | D        | Found a glowing silver altar of Zin.
   117 | D        | Found a glowing golden altar of the Shining One.
   166 | D        | Noticed a troll
   166 | D        | Noticed a steam dragon
   166 | D        | Noticed a two-headed ogre
   166 | D        | Noticed a troll
   169 | D        | Reached XP level 6. HP: 49/51 MP: 5/5
   174 | D        | Killed a troll
   175 | D        | Reached skill level 17 in Polearms
   177 | D        | Killed a steam dragon
   178 | D        | Reached skill level 18 in Polearms
   178 | D        | Reached XP level 7. HP: 54/57 MP: 6/6
   188 | D        | Killed a two-headed ogre
   189 | D        | Reached skill level 20 in Polearms
   189 | D        | Reached XP level 8. HP: 24/64 MP: 7/7
   197 | D        | Killed a troll
   198 | D        | Reached skill level 21 in Polearms
   335 | D        | Noticed a skeletal warrior
   335 | D        | Noticed a cyclops
   335 | D        | Noticed a manticore
   350 | D        | Killed a skeletal warrior
   351 | D        | Reached skill level 22 in Polearms
   351 | D        | Reached XP level 9. HP: 21/70 MP: 8/8
   358 | D        | Reached skill level 23 in Polearms
   368 | D        | Killed a cyclops
   369 | D        | Reached skill level 24 in Polearms
   369 | D        | Slain by a manticore

Illustrated notes

Levels and vault maps discovered:
D:        linesprint [early_d, line_temple, items_1, d_10, items_2, lair_1,
          lair_end, items_3, orc_1, orc_end, items_4, d_15, swamp_1, shoals_1,
          snake_1, spider_1, d_20, vaults_1, items_5, swamp_end, shoals_end,
          snake_end, spider_end, vaults_end, d_27, items_6, zot_1, zot_end,
          crypt_end, forest_end, elf_end, slime_end, tomb_end, abyss_end,
          pan_hell_end]

Skill      XL: |  1  2  3  4  5  6  7  8  9 |
---------------+----------------------------+-----
Polearms       | 10 13 14 18 20 22 24 | 24.3
Fighting       | |  3.6
Armour         | |  3.6
Shields        | |  3.6

Action                     |  1- 3 |  4- 6 |  7- 9 || total
---------------------------+-------+-------+-------++-------
  Melee: Trident           |    15 |    20 |       ||    35
         Headbutt          |     2 |     5 |     8 ||    15
         Halberd           |       |    11 |    48 ||    59
    Use: Potion            |       |       |     4 ||     4
   Stab: Distracted        |       |       |     1 ||     1
 Armour: Scale mail        |     4 |     5 |       ||     9
         Plate armour      |       |     6 |    10 ||    16
  Dodge: Dodged            |     3 |     8 |     8 ||    19
  Block: Buckler           |       |     2 |       ||     2
